Map: Deathaura LE

Players

TAMPERE - Winner!

  • Race: Zerg Zerg
  • League: Diamond
  • Spawn Location: 5:00

Savage

  • Race: Zerg Zerg
  • Spawn Location: 11:00

VOD

Have the link to the VOD?

Description

Time

  • Played on: Oct. 30, 2020, 3:59 p.m.
  • Length: 10:29
Show
View Real Time Build Order
Export as new Build Order

TAMPERE Zerg - Winner!

Build Orders: Pool First, Lurkers 

Get SALT Encoding   

  12  0:19  Spawning Pool  
  11  0:21  Drone  
  11  0:26  Drone  
  13  0:30  Drone  
  14  0:40  Overlord  
  14  1:05  Zergling x4  
  14  1:06  Zergling x2  
  14  1:09  Queen  
  19  1:13  Extractor  
  19  1:17  Zergling x2  
  19  1:29  Zergling x2  
  20  1:42  Hatchery  
  19  1:53  Drone  
  19  1:54  Drone  
  21  2:06  Spine Crawler  
  20  2:11  Drone  
  17  2:43  Lair  
  17  2:44  Drone x2  
  17  2:45  Drone x2  
  17  2:51  Zergling x2  
  22  2:54  Queen  
  22  2:56  Zergling x2  
  24  3:04  Zergling x2  
  25  3:05  Zergling x2  
  25  3:25  Extractor  
  24  3:35  Drone x3  
  27  3:48  Hydralisk Den  
  25  3:59  Queen  
  25  4:00  Zergling x2  
  25  4:02  Overlord  
  28  4:10  Spine Crawler  
  28  4:12  Spine Crawler  
  26  4:21  Lurker Den, Drone x3  
  26  4:22  Drone  
  29  4:31  Drone  
  29  4:32  Drone  
  29  4:36  Drone  
  32  4:46  Drone x2  
  32  4:47  Drone  
  32  4:50  Drone  
  36  4:56  Overlord  
  35  5:14  Hydralisk x2  
  35  5:15  Hydralisk  
  41  5:21  Hydralisk  
  43  5:44  Overlord  
  43  5:45  Overlord x2  
  43  5:57  Metabolic Boost  
  43  6:02  Hatchery  
  42  6:05  Lurker  
  42  6:06  Lurker  
  42  6:10  Drone x2  
  42  6:11  Drone x3  
  48  6:12  Drone  
  50  6:37  Lurker  
  51  6:43  Drone x2  
  51  6:44  Drone x9  
  62  6:49  Extractor  
  62  6:50  Extractor  
  59  7:03  Lurker  
  59  7:08  Drone x7  
  67  7:19  Grooved Spines  
  67  7:21  Drone x5  
  72  7:33  Drone  
  72  7:35  Overlord  
  70  7:47  Drone x3  
  70  7:49  Drone x2  
  73  8:02  Drone  
  73  8:03  Queen  
  73  8:04  Drone x2  
  73  8:05  Drone  
  79  8:11  Queen  
  79  8:12  Drone  
  82  8:14  Overlord x3  
  82  8:23  Overseer  
  82  8:29  Overlord x2  
  82  8:30  Overlord x5  
  82  8:33  Extractor x2  
  80  8:37  Muscular Augments  
  80  8:39  Queen  
  82  8:43  Spore Crawler  
  82  8:45  Spore Crawler  
  76  8:55  Hydralisk x2  
  76  8:56  Hydralisk x3  
  76  8:58  Zergling x12  
  83  9:24  Lurker x3  
  86  9:26  Lurker  
  86  9:27  Lurker  
  86  9:30  Zergling x2  
  86  9:31  Zergling x4  
  91  9:35  Zergling x8  
  91  9:38  Zergling x8  
  88  9:47  Zergling x2  
  75  10:03  Hydralisk  
  75  10:04  Hydralisk x3  
  75  10:05  Infestation Pit  
  70  10:22  Hatchery  
Show
View Real Time Build Order
Export as new Build Order

Savage Zerg 

Build Orders: Hatch First 

Get SALT Encoding   

  12  0:00  Drone  
  13  0:13  Overlord  
  13  0:22  Drone  
  14  0:32  Drone x2  
  16  0:40  Drone  
  17  0:54  Hatchery  
  16  0:58  Drone  
  16  0:59  Drone  
  18  1:05  Extractor  
  17  1:16  Spawning Pool  
  16  1:22  Drone  
  16  1:23  Drone  
  18  1:29  Drone  
  19  1:39  Drone  
  20  1:59  Overlord  
  20  2:07  Zergling x4  
  22  2:10  Spine Crawler  
  22  2:12  Spine Crawler  
  22  2:13  Metabolic Boost  
  22  2:15  Zergling x2  
  13  2:46  Zergling x4  
  15  2:54  Drone  
  15  2:56  Drone  
  17  3:03  Drone  
  18  3:06  Drone  
  18  3:11  Drone  
  20  3:22  Drone x3  
  23  3:28  Drone  
  23  3:30  Drone  
  25  3:36  Overlord  
  24  3:53  Drone x3  
  24  3:55  Overlord x2  
  27  4:07  Drone x2  
  29  4:14  Roach Warren  
  29  4:15  Drone  
  29  4:20  Queen  
  29  4:23  Drone  
  32  4:29  Queen  
  34  4:31  Drone  
  34  4:32  Drone  
  34  4:37  Drone x2  
  38  4:48  Drone  
  39  4:54  Extractor  
  39  4:56  Drone x2  
  39  4:59  Queen  
  42  5:12  Hatchery  
  41  5:16  Overlord x2  
  41  5:19  Overlord x2  
  41  5:27  Extractor  
  40  5:30  Drone x2  
  40  5:31  Drone  
  43  5:50  Queen  
  43  5:54  Drone x8  
  53  6:10  Roach  
  53  6:11  Roach x3  
  61  6:12  Lair  
  60  6:42  Spore Crawler x2  
  60  6:44  Roach x6  
  60  6:45  Roach x3  
  76  6:47  Spore Crawler  
  76  6:51  Queen  
  77  6:56  Overlord x2  
  77  7:10  Glial Reconstitution  
  77  7:12  Overseer x2  
  77  7:13  Overseer  
  77  7:16  Drone x5  
  77  7:17  Extractor, Drone  
  77  7:20  Overlord x2  
  77  7:21  Overlord  
  77  7:22  Drone  
  82  7:39  Drone x2  
  84  7:44  Pneumatized Carapace  
  84  7:49  Roach x7  
  97  8:06  Roach x2  
  97  8:07  Roach x2  
  105  8:22  Roach x5  
  115  8:27  Overlord x2  
  115  8:28  Overlord  
  115  8:36  Ravager  
  115  8:39  Hatchery, Ravager  
  116  9:12  Roach  
  116  9:13  Roach x5  
  128  9:28  Extractor  
  127  9:31  Hatchery  
  127  9:33  Extractor  
  125  9:55  Roach x8  
Tags
 
Composition
Lurkers
League
Diamond
Matchup
ZvZ
Race
Zerg
Spawn Locations
Cross Positions
Add a new tag
Caveats
  • Supply blocks, unpowered buildings, or Contaminate may cause inaccurate times.
  • Supply counts are checked every 10 seconds.